Map: Pillars of Gold LE

Players

MissFanta (ThuocLao) - Winner!

  • Race: Protoss Protoss
  • Spawn Location: 7:00

RazerBlader

  • Race: Terran Terran
  • Spawn Location: 1:00

Event: DreamHack SC2 Masters 2020 Winter

VOD

Have the link to the VOD?

Description

Time

  • Played on: Oct. 9, 2020, 11:22 p.m.
  • Length: 14:40

All games in this series

Show
View Real Time Build Order
Export as new Build Order

MissFanta Protoss - Winner!

Build Orders: 1 Gate Expand, Colossus Rush 

Get SALT Encoding   

  12  0:00  Probe  
  13  0:12  Probe  
  14  0:17  Pylon  
  14  0:24  Probe  
  15  0:38  Gateway  
  15  0:40  Probe (Chrono Boost)  
  16  0:46  Assimilator  
  16  0:49  Probe (Chrono Boost)  
  17  0:54  Probe (Chrono Boost)  
  18  1:06  Probe  
  19  1:26  Nexus  
  19  1:33  Cybernetics Core  
  19  1:36  Probe  
  20  1:44  Pylon  
  20  1:49  Probe  
  20  1:52  Pylon  
  20  2:00  Assimilator  
  20  2:01  Probe  
  20  2:07  Adept (Chrono Boost)  
  21  2:10  Warp Gate  
  21  2:13  Probe  
  24  2:25  Probe  
  25  2:30  Stalker  
  27  2:38  Probe  
  27  2:54  Probe  
  27  2:57  Robotics Facility  
  28  3:00  Probe (Chrono Boost), Stalker  
  31  3:08  Probe (Chrono Boost)  
  32  3:15  Probe (Chrono Boost)  
  32  3:19  Probe (Chrono Boost)  
  34  3:22  Probe (Chrono Boost)  
  35  3:30  Stalker  
  37  3:38  Probe  
  38  3:46  Probe  
  38  3:48  Observer  
  38  3:49  Robotics Bay  
  38  3:50  Probe  
  38  3:54  Gateway x2  
  39  3:58  Probe  
  39  4:01  Pylon  
  40  4:03  Assimilator  
  40  4:06  Probe  
  41  4:11  Probe  
  41  4:16  Assimilator  
  43  4:17  Observer  
  43  4:19  Probe  
  43  4:22  Stalker  
  43  4:23  Probe  
  47  4:31  Probe  
  48  4:32  Observer  
  48  4:35  Pylon  
  48  4:36  Probe  
  49  4:43  Probe  
  49  4:45  Pylon  
  50  4:50  Probe  
  51  4:53  Colossus  
  51  4:57  Twilight Council  
  57  5:03  Forge  
  54  5:18  Gateway  
  54  5:21  Probe  
  54  5:26  Probe  
  56  5:33  Probe  
  57  5:38  Probe  
  57  5:41  Observer  
  56  5:43  Charge (Chrono Boost), Protoss Ground Armor Level 1 (Chrono Boost)  
  56  5:46  Probe  
  57  5:51  Probe  
  57  5:52  Nexus  
  57  5:53  Pylon  
  58  6:05  Probe  
  58  6:09  Sentry x2  
  63  6:12  Colossus (Chrono Boost)  
  63  6:17  Probe  
  70  6:19  Extended Thermal Lance (Chrono Boost)  
  70  6:28  Zealot  
  70  6:29  Zealot  
  74  6:33  Probe  
  74  6:35  Pylon  
  74  6:37  Probe  
  76  6:45  Probe  
  77  6:49  Probe  
  77  6:50  Gateway x2  
  78  6:55  Shield Battery  
  78  6:57  Probe  
  78  7:00  Disruptor  
  82  7:05  Zealot  
  82  7:06  Blink  
  82  7:07  Sentry  
  86  7:11  Zealot  
  86  7:13  Probe  
  89  7:21  Probe x2, Pylon  
  91  7:26  Zealot  
  92  7:30  Zealot  
  92  7:39  Zealot x2  
  86  7:47  Zealot x3  
  86  8:01  Warp Prism  
  86  8:02  Zealot  
  86  8:03  Zealot x2  
  86  8:04  Probe x2  
  86  8:05  Probe  
  97  8:06  Protoss Ground Weapons Level 1 (Chrono Boost)  
  97  8:16  Stalker x2  
  97  8:19  Probe x2  
  94  8:30  Stalker x2  
  94  8:46  Photon Cannon  
  92  8:48  Zealot  
  92  8:49  Zealot x2  
  97  9:02  Templar Archives  
  97  9:03  Probe x2  
  99  9:11  Probe  
  99  9:13  Forge  
  99  9:16  Pylon x2  
  100  9:20  Probe  
  100  9:22  Pylon  
  101  9:24  Pylon  
  101  9:30  Pylon  
  101  9:34  Probe, Disruptor  
  101  9:38  Protoss Ground Armor Level 2 (Chrono Boost)  
  105  9:39  Templar Archives  
  105  9:40  Stalker x3  
  105  9:44  Psionic Storm  
  105  9:45  Probe  
  112  9:47  High Templar x2  
  112  9:48  Zealot  
  118  9:58  Archon  
  115  10:07  Probe  
  115  10:10  Gateway  
  115  10:11  Gateway  
  114  10:17  High Templar x4  
  122  10:22  Gateway x2  
  122  10:24  Protoss Ground Weapons Level 2 (Chrono Boost)  
  122  10:26  Photon Cannon, Assimilator  
  122  10:31  Probe, Assimilator  
  122  10:34  Probe  
  123  10:35  Probe  
  123  10:44  Pylon  
  123  10:47  Pylon  
  123  10:55  Probe  
  124  10:58  Pylon  
  124  11:00  Pylon x2  
  124  11:01  Zealot x4  
  124  11:03  High Templar x2  
  136  11:07  Archon  
  136  11:12  Probe x2  
  138  11:20  Zealot x4  
  138  11:24  Disruptor  
  141  11:35  High Templar x2  
  139  11:40  Nexus  
  129  11:52  Stalker x5  
  133  12:01  Disruptor  
  133  12:02  Probe  
  133  12:11  Pylon  
  133  12:13  Robotics Facility  
  133  12:15  Photon Cannon  
  133  12:18  Shield Battery  
  133  12:21  Zealot x6  
  143  12:30  High Templar x2  
  145  12:42  Disruptor  
  148  12:51  Zealot x2  
  148  12:52  Zealot x6  
  148  12:58  Probe x3  
  167  12:59  Probe  
  167  13:04  Pylon  
  168  13:10  Probe  
  169  13:17  Zealot x7  
  181  13:35  Zealot x3  
  181  13:37  Colossus  
  181  13:41  Stalker x3  
  189  13:52  Archon x2  
  183  14:01  Archon x2  
  183  14:02  Stalker x3  
  149  14:03  Stalker x4  
  159  14:18  Assimilator  
  159  14:20  Assimilator  
  159  14:22  High Templar x3  
  159  14:24  Pylon  
Show
View Real Time Build Order
Export as new Build Order

RazerBlader Terran 

Build Orders: Reaper Expand 

Get SALT Encoding   

  12  0:00  SCV  
  13  0:12  SCV  
  14  0:17  Supply Depot  
  14  0:24  SCV  
  15  0:39  SCV  
  15  0:40  Barracks  
  16  0:45  Refinery  
  16  0:51  SCV  
  17  1:03  SCV  
  18  1:15  SCV  
  19  1:28  Reaper, Orbital Command  
  20  1:55  Command Center  
  20  1:58  SCV  
  20  2:00  Marine  
  22  2:04  Supply Depot  
  22  2:10  SCV  
  23  2:17  Factory  
  23  2:22  Barracks Reactor  
  23  2:26  SCV  
  24  2:31  Bunker  
  24  2:38  SCV, Refinery  
  25  2:50  SCV  
  26  2:59  Marine x2  
  26  3:02  SCV  
  26  3:03  Hellion  
  31  3:07  Starport  
  31  3:16  SCV  
  31  3:17  Orbital Command  
  32  3:21  Marine  
  32  3:22  Marine  
  32  3:26  Widow Mine  
  36  3:34  SCV  
  37  3:39  Marine  
  37  3:40  Marine  
  37  3:43  SCV  
  37  3:46  SCV  
  41  3:48  Widow Mine  
  41  3:50  Medivac  
  41  3:53  Supply Depot  
  43  3:55  SCV  
  46  4:04  SCV  
  46  4:08  SCV  
  46  4:09  Supply Depot  
  46  4:11  Factory Tech Lab  
  46  4:15  Marine x2  
  46  4:16  SCV  
  49  4:18  Supply Depot  
  49  4:20  SCV, Starport Tech Lab  
  50  4:28  SCV  
  50  4:29  Siege Tank  
  54  4:32  SCV  
  54  4:35  Barracks  
  55  4:39  Barracks  
  55  4:40  Raven  
  55  4:41  Marine  
  55  4:43  Marine  
  60  4:45  SCV  
  60  4:47  SCV  
  61  4:53  Engineering Bay  
  61  4:56  Refinery  
  61  4:59  Marine  
  62  5:02  SCV  
  63  5:11  Marine  
  63  5:12  SCV  
  63  5:13  Siege Tank  
  68  5:14  SCV  
  68  5:16  Supply Depot, Refinery  
  68  5:18  Marine  
  64  5:21  Terran Infantry Weapons Level 1  
  64  5:24  SCV  
  64  5:26  SCV  
  66  5:29  Marine  
  66  5:30  Marine  
  68  5:36  SCV  
  68  5:41  Stimpack  
  68  5:42  Marauder  
  71  5:43  SCV  
  71  5:47  Marine  
  71  5:48  SCV  
  74  5:50  Starport Reactor  
  74  5:52  Supply Depot  
  74  5:55  SCV  
  75  5:58  Combat Shield, Marauder  
  75  5:59  Factory Reactor  
  75  6:00  SCV  
  78  6:07  Supply Depot  
  78  6:13  Marine  
  78  6:14  SCV, Marauder, Marine  
  78  6:15  Supply Depot  
  78  6:16  SCV  
  84  6:21  Marauder  
  86  6:26  SCV, Medivac x2  
  86  6:28  SCV  
  86  6:31  Supply Depot  
  92  6:35  Supply Depot  
  92  6:36  Marine x2, Widow Mine  
  92  6:37  Marauder  
  92  6:38  SCV  
  92  6:39  Widow Mine  
  101  6:41  SCV  
  101  6:45  Marauder  
  104  6:52  Supply Depot  
  104  6:53  Marine x2  
  106  6:57  Medivac x2  
  110  7:02  Marauder  
  110  7:05  Widow Mine x2  
  110  7:06  Marauder  
  118  7:17  Concussive Shells  
  118  7:19  Terran Infantry Armor Level 1  
  118  7:20  Marine  
  119  7:24  Command Center, Marauder  
  119  7:27  Marauder  
  119  7:46  Marauder, Marine  
  98  7:53  Marauder, Marine  
  98  7:57  SCV  
  92  8:03  Widow Mine  
  92  8:04  SCV, Marine, Widow Mine  
  95  8:08  Marauder  
  95  8:10  Marine  
  95  8:11  Barracks  
  95  8:12  Medivac x2  
  102  8:13  Barracks  
  102  8:15  Marauder  
  104  8:31  Marine x2  
  104  8:33  SCV  
  103  8:36  Armory, Engineering Bay  
  103  8:37  Supply Depot  
  103  8:40  Marauder, Marine  
  104  8:42  Viking, Medivac  
  106  8:48  SCV  
  106  8:50  Marine  
  106  8:52  SCV  
  109  8:57  Orbital Command  
  109  8:59  Marauder  
  109  9:01  SCV  
  112  9:04  Barracks Reactor, Barracks Tech Lab  
  112  9:09  SCV, Starport  
  113  9:15  Marine  
  113  9:16  Marine  
  115  9:18  Viking  
  115  9:20  Viking  
  119  9:27  Marauder x2  
  119  9:28  Terran Infantry Weapons Level 2  
  119  9:30  SCV  
  124  9:36  Marine x2  
  124  9:38  Terran Infantry Armor Level 2  
  126  9:42  Supply Depot, Refinery x2  
  126  9:44  Supply Depot  
  125  9:45  Viking  
  125  9:49  Viking, Marine x2  
  125  9:50  Marauder  
  133  9:55  Marauder x2, Marine x2  
  139  10:02  Viking  
  139  10:05  SCV  
  142  10:07  SCV  
  142  10:08  SCV  
  142  10:10  Marine x2  
  142  10:11  Supply Depot, Marauder  
  142  10:12  Supply Depot  
  148  10:15  Marine x2  
  148  10:16  Marauder  
  148  10:17  Missile Turret  
  148  10:20  Terran Ship Weapons Level 1, Viking  
  154  10:24  Viking  
  156  10:30  Ghost Academy  
  156  10:32  Viking  
  156  10:33  Marine  
  159  10:36  Marine  
  160  10:44  Marauder x2  
  160  10:47  Marine  
  167  10:53  Missile Turret x2, Marine  
  167  10:54  Marine  
  169  11:01  Enhanced Shockwaves  
  167  11:06  Command Center  
  167  11:13  Marine, Sensor Tower  
  167  11:16  Marine  
  167  11:17  Marauder  
  170  11:21  Ghost, Marine  
  170  11:24  Marine x2  
  167  11:31  Marine  
  166  11:34  Marine  
  166  11:38  Marine  
  166  11:39  Marine  
  169  11:42  Marine x2  
  169  11:43  SCV  
  171  11:49  Marine  
  171  11:51  SCV x2, Marauder  
  172  11:55  SCV, Ghost  
  174  12:01  Terran Infantry Weapons Level 3  
  174  12:02  Marine x2  
  176  12:08  Ghost  
  176  12:09  Marine  
  176  12:14  Liberator  
  182  12:18  Liberator  
  182  12:22  Marine, Liberator  
  188  12:27  Liberator  
  188  12:28  Marine  
  186  12:38  Ghost  
  186  12:39  Marauder, Marine  
  191  12:45  Planetary Fortress  
  191  12:46  SCV  
  192  12:51  Marine x2  
  194  12:58  Marine x2  
  194  12:59  Missile Turret  
  194  13:02  Marine x2  
  194  13:04  SCV  
  199  13:07  Marine  
  198  13:15  Marine  
  198  13:19  Marine  
  200  13:25  Fusion Core  
  200  13:38  Marauder, Marine x2  
  200  13:40  Marine  
  194  13:55  Viking  
  133  13:58  Ghost, Marauder, Marine  
  133  14:00  Marine  
  133  14:01  Marauder  
  133  14:02  Marine x2  
  108  14:08  SCV  
  108  14:09  SCV x2  
  93  14:16  Marine  
  98  14:18  Marine  
  98  14:20  SCV, Marine  
  98  14:21  SCV, Marine  
Tags
 
Add a new tag
Caveats
  • Supply blocks, unpowered buildings, or Contaminate may cause inaccurate times.
  • Supply counts are checked every 10 seconds.